 Dungeon Sprint DCSS version 0.27.1 (webtiles) character file.

Game seed: 5801185423070520483

1837 styxcanada the Imperceptible (level 8, -10/44 HPs)
             Began as a Spriggan Brigand on Aug 30, 2021.
             Was an Initiate of Gozag.
             Killed from afar by a burning bush (13 damage)
             ... with a puff of flame
             ... in the Dungeon (Sprint IV: "Fedhas' Mad Dash").
             The game lasted 00:04:26 (444 turns).

styxcanada the Imperceptible (Spriggan Brigand)      Turns: 444, Time: 00:04:26

Health: -10/44     AC:  3    Str:  7    XL:     8   Next: 87%
Magic:  9/9        EV: 24    Int: 12    God:    Gozag
Gold:   883        SH:  0    Dex: 19    Spells: 7/7 levels left

rFire    . . .     SeeInvis +   m - +9 dagger "Buran" {vorpal, Fragile rPois rC+++ SInv}
rCold    + + +     Faith    .   (shield restricted)
rNeg     . . .     Spirit   .   b - +0 robe
rPois    +         Reflect  .   (helmet restricted)
rElec    .         Harm     .   c - +0 cloak
rCorr    .         Rampage  .   (gloves unavailable)
Will     +....     NoTele   +   (boots unavailable)
Stlth    ++++++++..             l - amulet of invisibility {+Inv}
HPRegen  0.14/turn              (no ring)
MPRegen  0.11/turn              (no ring)

@: very slightly contaminated, very quick
A: very small, no large weapons, unfitting armour, see invisible, speed 3
a: Renounce Religion, Evoke Invisibility, Potion Petition, Call Merchant, Bribe
Branch


You were in the Dungeon.
You worshipped Gozag.
Gozag was pleased with you.
You visited 1 branch You collected 1089 gold pieces.
You spent 206 gold pieces at shops.

Inventory:

Hand Weapons
 a - a +2 dagger
 m - the +9 dagger "Buran" (weapon) {vorpal, Fragile rPois rC+++ SInv}
   (You found it in the Dungeon)

   It inflicts extra damage upon your enemies.
   rC:        It renders you almost immune to cold.
   rPois:     It protects you from poison.
   SInv:      It lets you see invisible.
   Fragile:   It will be destroyed if unequipped.
 o - a +2 rapier of venom
 q - the +8 rapier "Ziwap" {flame, rCorr Str+4 Int+2 Dex-5}
   (You found it in the Dungeon)

   It burns those it strikes, dealing additional fire damage.
   Str:       It affects your strength (+4).
   Int:       It affects your intelligence (+2).
   Dex:       It affects your dexterity (-5).
   rCorr:     It protects you from acid and corrosion.
Missiles
 d - 7 poisoned darts (quivered)
 e - 2 curare-tipped darts
 p - 8 atropa-tipped darts
 v - 8 boomerangs
Armour
 b - a +0 robe (worn)
 c - a +0 cloak (worn)
 n - a +0 buckler
Jewellery
 l - the amulet of invisibility (around neck) {+Inv}
   (You found it in the Dungeon)

   [amulet of nothing]

   +Inv:      It lets you turn invisible.
Wands
 u - a wand of acid (11)
Scrolls
 k - a scroll of blinking
 r - a scroll of silence {unknown}
 s - a scroll of identify {unknown}
 t - a scroll of fog {unknown}
Potions
 f - 2 potions of curing
 g - a potion of heal wounds
 h - a potion of haste
 i - 2 potions of magic
 j - a potion of berserk rage


   Skills:
 * Level 6.1 Fighting
 + Level 4.5 Short Blades
 + Level 5.1 Throwing
 * Level 9.1 Dodging
 * Level 21.7 Stealth
 + Level 6.7 Evocations


You had 7 spell levels left.
You didn't know any spells.
Your spell library was empty.

Dungeon Overview and Level Annotations

Branches:
Dungeon (1/1)

Altars:
Cheibriados
Dithmenos
Elyvilon
Gozag
Hepliaklqana
Kikubaaqudgha
Makhleb
Nemelex Xobeh
Okawaru
Qazlal
Ru
Sif Muna
Trog
Uskayaw
Vehumet
Wu Jian
Xom
Yredelemnul
Zin
The Shining One
Beogh
Jiyva
Lugonu

Shops:
D ((*=


Innate Abilities, Weirdness & Mutations

You are very small and have problems with some larger weapons.
You are too small for most types of armour.
You have supernaturally acute eyesight. (SInv)
You cover ground extremely quickly. (Speed+++)


Message History

The burning bush throws fire at you. The puff of flame hits you!
You hit the burning bush but do no damage.
The burning bush is lightly damaged.
You hit the burning bush.
The burning bush is moderately damaged.
You hit the burning bush.
The burning bush is heavily damaged.
You hit the burning bush.
The burning bush is heavily damaged.
The burning bush throws fire at you. The puff of flame hits you!
You hit the burning bush.
The burning bush is severely damaged.
You hit the burning bush but do no damage.
The burning bush is severely damaged.
You flicker back into view.
You hit the burning bush but do no damage.
The burning bush is severely damaged.
You hit the burning bush but do no damage.
The burning bush is severely damaged.
You hit the burning bush but do no damage.
The burning bush is severely damaged.
You hit the burning bush but do no damage.
The burning bush is severely damaged.
You hit the burning bush.
The burning bush is severely damaged.
You hit the burning bush but do no damage.
The burning bush is severely damaged.
You hit the burning bush but do no damage.
The burning bush is severely damaged.
The burning bush throws fire at you. The puff of flame hits you!
* * * LOW HITPOINT WARNING * * *
You hit the burning bush but do no damage.
The burning bush is severely damaged.
The burning bush throws fire at you. The puff of flame hits you!
You die...
Your body crumbles into a pile of gold.

#<...#.....#.....#.⌠._
#PP..'.....'.#)..'.._.
#PPPP#.....#.#...#..._
###############'##.._.
#...♣........'...#._._
#......♣.....#...#####
#.....♣..♣..######
##'####'#####
#..#$@$$+ #.)#P)###
#######


You could see a burning bush.

Vanquished Creatures
  An oklob plant (D)
  A burning bush (D)
  A queen bee (D)
  2 wandering mushrooms (D)
  3 scorpions (D)
  4 killer bees (D)
  4 oklob saplings (D)
  2 spriggans (D)
  A river rat (D)
  A rat (D)
20 creatures vanquished.

Vanquished Creatures (others)
  A fungus (D)
1 creature vanquished.

Grand Total: 21 creatures vanquished

Notes
Turn   | Place    | Note
-------+----------+-------------------------------------------
     0 | D        | styxcanada the Spriggan Brigand began the quest for the
                  | Orb.
     0 | D        | Reached XP level 1. HP: 10/10 MP: 2/2
    14 | D        | Reached skill level 7 in Stealth
    14 | D        | Reached XP level 2. HP: 15/15 MP: 3/3
    18 | D        | Reached skill level 8 in Stealth
    36 | D        | Noticed an oklob sapling
    38 | D        | Killed an oklob sapling
    39 | D        | Reached skill level 9 in Stealth
    39 | D        | Reached XP level 3. HP: 19/19 MP: 4/4
    40 | D        | Noticed a scorpion
    40 | D        | Found the amulet of invisibility {+Inv}
    42 | D        | Killed a scorpion
    43 | D        | Reached skill level 12 in Stealth
    43 | D        | Reached XP level 4. HP: 23/23 MP: 5/5
    65 | D        | Found an opulent altar of Gozag.
    65 | D        | Found a hazy altar of Hepliaklqana.
    65 | D        | Found a burning altar of Makhleb.
    65 | D        | Found a sparkling altar of Nemelex Xobeh.
    65 | D        | Found a snail-covered altar of Cheibriados.
    65 | D        | Found a sacrificial altar of Ru.
    65 | D        | Found a shimmering blue altar of Sif Muna.
    65 | D        | Found a shimmering altar of Xom.
    65 | D        | Found a basalt altar of Yredelemnul.
    66 | D        | Found a viscous altar of Jiyva.
    66 | D        | Found a bloodstained altar of Trog.
    66 | D        | Found an ornate altar of the Wu Jian Council.
    67 | D        | Found an iron altar of Okawaru.
    67 | D        | Found a shadowy altar of Dithmenos.
    67 | D        | Found a glowing silver altar of Zin.
    68 | D        | Found an ancient bone altar of Kikubaaqudgha.
    68 | D        | Found a hide-covered altar of Uskayaw.
    69 | D        | Found a stormy altar of Qazlal.
    69 | D        | Found a white marble altar of Elyvilon.
    69 | D        | Found a glowing golden altar of the Shining One.
    70 | D        | Became a worshipper of Gozag Ym Sagoz the Greedy
    71 | D        | Found a corrupted altar of Lugonu.
    71 | D        | Found a radiant altar of Vehumet.
    75 | D        | Reached skill level 13 in Stealth
    75 | D        | Reached XP level 5. HP: 28/28 MP: 3/6
   135 | D        | Reached skill level 14 in Stealth
   137 | D        | Identified the +9 dagger "Buran" {vorpal, Fragile rPois
                  | rC+++ SInv}
   192 | D        | Reached skill level 5 in Dodging
   192 | D        | Reached skill level 1 in Evocations
   193 | D        | Reached skill level 15 in Stealth
   195 | D        | Reached XP level 6. HP: 33/33 MP: 4/7
   209 | D        | Found Merul's Weapon Shop.
   209 | D        | Found Siptod's Antique Weapon Emporium.
   216 | D        | Bought 8 atropa-tipped darts for 52 gold pieces
   254 | D        | Noticed a burning bush
   254 | D        | Noticed a wandering mushroom
   255 | D        | Noticed a wandering mushroom
   258 | D        | Killed a burning bush
   259 | D        | Reached skill level 17 in Stealth
   259 | D        | Killed a wandering mushroom
   260 | D        | Reached skill level 5 in Fighting
   260 | D        | Reached skill level 18 in Stealth
   260 | D        | Reached XP level 7. HP: 39/39 MP: 5/8
   260 | D        | Killed a wandering mushroom
   261 | D        | Reached skill level 19 in Stealth
   263 | D        | Reached skill level 5 in Evocations
   263 | D        | Reached XP level 8. HP: 43/43 MP: 5/9
   276 | D        | Found Vekhlor's Jewellery Emporium.
   276 | D        | Found Feaczegh's Assorted Antiques.
   280 | D        | Identified the +8 rapier "Ziwap" {flame, rCorr Str+4 Int+2
                  | Dex-5}
   283 | D        | Bought a scroll labelled JUGILE WOCECH for 22 gold pieces
   283 | D        | Bought a scroll labelled HEMEOL XEYHAILE for 22 gold pieces
   283 | D        | Bought a scroll labelled TAH ZIBBUT for 22 gold pieces
   283 | D        | Bought a copper wand for 88 gold pieces
   330 | D        | Noticed a queen bee
   337 | D        | Killed a queen bee
   338 | D        | Reached skill level 20 in Stealth
   339 | D        | Reached skill level 5 in Throwing
   409 | D        | Noticed an oklob plant
   412 | D        | Killed an oklob plant
   413 | D        | Reached skill level 21 in Stealth
   424 | D        | Noticed a burning bush
   444 | D        | Killed from afar by a burning bush

Illustrated notes

Levels and vault maps discovered:
D:        dungeon_sprint_fedhas [sprint_temple]

Skill      XL: |  1  2  3  4  5  6  7  8 |
---------------+-------------------------+-----
Fighting       | 2 3 5 6 |  6.1
Dodging        | 2 3 4 5 7 9 |  9.1
Stealth        | 7 9 12 13 15 18 19 21 | 21.7
Throwing       | 3 4 5 |  5.1
Short Blades   | 3 4 |  4.5
Evocations     | 2 4 5 6 |  6.7

Action                   |  1- 3 |  4- 6 |  7- 9 || total
-------------------------+-------+-------+-------++-------
Melee: Dagger            |     8 |     7 |    27 ||    42
Throw: Dart              |     8 |       |       ||     8
 Abil: Evoke Invisibilit |       |     4 |     2 ||     6
 Stab: Sleeping          |     2 |     7 |     9 ||    18
Dodge: Dodged            |     3 |       |     1 ||     4
